 Dungeon Crawl Stone Soup version 0.26.0-10-g1f06aea511 (webtiles) character file.

Game seed: 11227821080475941609

58036 dohliylev the Severer (level 14, -1/130 HPs)
             Began as a Minotaur Berserker on Jan 28, 2021.
             Was a High Priest of Trog.
             Killed by divine providence
             ... invoked by an orc priest
             ... led by an orc warlord
              (14 damage)
             ... on level 2 of the Orcish Mines.
             The game lasted 00:42:04 (17822 turns).

dohliylev the Severer (Minotaur Berserker)         Turns: 17822, Time: 00:42:05

Health: -1/130     AC: 17    Str: 26    XL:     14   Next: 48%
Magic:  13/13      EV: 16    Int:  4    God:    Trog [*****.]
Gold:   1570       SH: 14    Dex: 14    Spells: 13/13 levels left

rFire    . . .     SeeInvis .   Q - +1 broad axe (flame)
rCold    . . .     Faith    .   n - +2 kite shield
rNeg     . . .     Spirit   .   a - +0 troll leather armour
rPois    .         Reflect  .   (helmet restricted)
rElec    .         Harm     .   x - +2 cloak
rCorr    .         Rampage  .   i - +2 pair of gloves {Dex+3}
Will     ++++.                  (no boots)
Stlth    ++........             T - amulet of regeneration
HPRegen  2.11/turn              N - +4 ring of protection
MPRegen  0.13/turn              c - ring of willpower

@: about to teleport, berserk cooldown, regenerating, slowed, very slow
A: retaliatory headbutt, horns 2
a: Renounce Religion, Berserk, Trog's Hand, Brothers in Arms


You were on level 2 of the Orcish Mines.
You worshipped Trog.
Trog was extremely pleased with you.
You visited 4 branches of the dungeon, and saw 19 of its levels.

You collected 1570 gold pieces.

Inventory:

Hand Weapons
 Q - a +1 broad axe of flaming (weapon)
Armour
 a - a +0 troll leather armour (worn)
 i - a +2 pair of gloves of dexterity (worn)
 n - a +2 kite shield (worn)
 v - the +0 leather armour of Leggudyp {Will++}
   (You found it on level 4 of the Lair of Beasts)

   It affects your willpower, your defense against some magical effects.
 x - a +2 cloak (worn)
Jewellery
 c - a ring of willpower (right hand)
 e - an uncursed ring of flight
 g - an uncursed ring of resist corrosion
 s - an uncursed ring of resist corrosion
 I - an uncursed ring of protection from fire
 N - a +4 ring of protection (left hand)
 T - an amulet of regeneration (around neck)
Wands
 b - a wand of enslavement (4)
 u - a wand of disintegration (24)
 K - a wand of digging (5)
Scrolls
 j - 5 scrolls of magic mapping
 l - 12 scrolls of remove curse
 m - 7 scrolls of identify
 o - 3 scrolls of enchant armour
 p - a scroll of acquirement {unknown}
 q - 5 scrolls of teleportation
 t - 7 scrolls of enchant weapon
 y - 2 scrolls of fog
 E - 4 scrolls of fear
 M - a scroll of holy word
 P - 2 scrolls of blinking
Potions
 d - 3 potions of curing {unknown}
 f - a potion of resistance
 h - 2 potions of attraction {unknown}
 k - 3 potions of degeneration {unknown}
 r - 4 potions of heal wounds
 w - a potion of invisibility {unknown}
 z - 2 potions of flight {unknown}
 C - 2 potions of cancellation {unknown}
 F - a potion of experience {unknown}
 J - a potion of might {unknown}
 O - a potion of magic {unknown}
 R - 3 potions of ambrosia {unknown}


   Skills:
 + Level 13.7 Fighting
 + Level 19.3 Axes
 + Level 12.7 Armour
 + Level 8.6 Dodging
 - Level 1.5 Stealth
 + Level 9.4 Shields


You had 13 spell levels left.
You didn't know any spells.
Your spell library was empty.

Dungeon Overview and Level Annotations

Branches:
Dungeon (10/15)            Temple (0/1) D:5            Lair (6/6) D:10
  Swamp (0/4) Lair:2        Snake (1/4) Lair:3        Slime (0/5) Lair:6
    Orc (2/2) D:10
    Elf: Orc:2

Altars:
Ashenzari
Fedhas
Hepliaklqana
Makhleb
Qazlal
Vehumet
Xom
Zin

Shops:
D:4 *

Portals:
Hell: Lair:6

Annotations:
Lair:1 2 transporters


Innate Abilities, Weirdness & Mutations

You reflexively headbutt those who attack you in melee.
You have a pair of horns on your head.


Message History

The orc warrior hits you from afar with a +0 glaive!
* * * LOW HITPOINT WARNING * * *
The orc warlord hits you with a +0 vampiric great sword!!
* * * LOW HITPOINT WARNING * * *
The orc warlord draws strength from your wounds!
The orc warrior misses you.
As you read the scroll of teleportation, it crumbles to dust.
You feel strangely unstable. The orc warrior barely misses you.
You furiously retaliate!
You headbutt the orc warrior!!
You kill the orc warrior!
Trog accepts your kill. You block the orc warrior's attack.
The orc warrior hits you from afar with a +0 glaive!
* * * LOW HITPOINT WARNING * * *
The orc warrior misses you. You block the orc's attack.
The orc wizard points at itself and mumbles some strange words.
The orc wizard flickers and vanishes!
The orc misses you.
The orc priest calls down the wrath of Beogh upon you.
Beogh smites you!
You die...

#.................
.#.......)#........
...$.......).......
.....o.o..<.......
#...oooo#o.....o.
#.o.o#oo##.......
.#.#o{o#oo.........
.....oo)#[.........
...#..oo@........#.
................#..
..##............#..
# #.....#......
##...#...#...
##...#.####. ##.# #
##


You could see an orc warlord, an orc warrior, 2 orc priests and 7 orcs.

Vanquished Creatures
  The ghost of Raspi the Unseen, a journeyman KoNe of Kikubaaqudgha (Lair:6)
  The ghost of MolotovDodgeball the Brawler, a journeyman TrBr of Ru (Lair:6)
  A dire elephant (Lair:6)
  4 hydras
  Erolcha (D:9)
  Harold (D:9)
  A hell beast (Lair:6)
  A boulder beetle (Lair:6)
  2 catoblepae
  The ghost of funkygono the Thaumaturge, a novice DrFE of Vehumet (D:10)
  7 death yaks (Lair:6)
  A two-headed ogre (D:10)
  Sonja (Lair:5)
  The ghost of Amaterasu the Caller, a novice HuSu of Cheibriados (D:7)
  A wizard (Lair:6)
  Pikel (D:8)
  An orc knight (Orc:1)
  A lindwurm (Lair:3)
  A mana viper (Snake:1)
  A salamander (Snake:1)
  An oklob plant (Lair:6)
  12 elephants
  6 black mambas
  A smoke demon (Lair:6)
  2 orange demons (Lair:6)
  A kobold demonologist (D:9)
  A torpor snail (Lair:6)
  4 rime drakes
  15 cane toads
  4 komodo dragons
  2 ice devils (Lair:6)
  A red devil (Lair:6)
  A queen bee (D:10)
  A polar bear (Lair:1)
  Prince Ribbit (D:6)
  A hornet (D:8)
  6 blink frogs
  A tyrant leech (Lair:2)
  Grinder (D:3)
  14 dream sheep
  59 yaks
  Sigmund (D:2)
  2 basilisks (Lair:6)
  Eustachio (D:4)
  A wyvern (Lair:5)
  Menkaure (D:6)
  Edmund (D:4)
  4 swamp worms (Lair:2)
  2 nagas (Lair:3)
  5 hell hounds (Lair:6)
  15 water moccasins
  Duvessa (D:6)
  4 sky beasts
  13 orc warriors
  An ice beast (D:5)
  2 centaurs
  9 ogres
  8 wolves
  3 lemures (D:8)
  A big kobold (D:7)
  A gnoll sergeant (D:7)
  14 bullfrogs
  Dowan (D:6)
  A wyvern skeleton (D:9)
  2 scorpions
  7 killer bees (D:10)
  4 wights (D:9)
  3 electric eels
  3 quasits
  A centaur zombie (D:9)
  A centaur skeleton (D:8)
  6 hounds
  2 jellies
  12 orc priests
  3 bullfrog skeletons
  Ijyb (D:3)
  4 iguanas
  7 orc wizards
  10 worker ants
  2 killer bee zombies
  A hound zombie (D:6)
  3 worker ant zombies
  11 gnolls
  13 adders
  4 white imps
  4 ufetubi
  2 oozes (D:1)
  2 adder skeletons (D:4)
  2 worms
  A dart slug (D:1)
  7 leopard geckos
  41 orcs
  5 giant cockroaches
  10 goblins
  7 hobgoblins
  9 jackals
  11 kobolds
  6 quokkas
  A ball python (D:4)
  5 bats
  6 frilled lizards
  A giant cockroach zombie (D:5)
  A jackal skeleton (D:6)
  A leopard gecko zombie (D:8)
  6 rats
485 creatures vanquished.

Vanquished Creatures (collateral kills)
  Maggie (D:8)
  A troll (Orc:1)
  Grum (D:8)
  An orc warrior (Orc:1)
  2 wolves (D:8)
  2 orcs (Orc:1)
8 creatures vanquished.

Vanquished Creatures (others)
  17 fungi
  27 plants
  6 withered plants (Lair:6)
50 creatures vanquished.

Grand Total: 543 creatures vanquished

Notes
Turn   | Place    | Note
-------+----------+-------------------------------------------
     0 | D:1      | dohliylev the Minotaur Berserker began the quest for the
                  | Orb.
     0 | D:1      | Reached XP level 1. HP: 19/19 MP: 0/0
    93 | D:1      | Reached XP level 2. HP: 13/27 MP: 1/1
   525 | D:1      | Reached skill level 4 in Axes
   595 | D:1      | Reached XP level 3. HP: 31/34 MP: 2/2
  1097 | D:2      | Reached ** piety under Trog
  1124 | D:2      | Reached XP level 4. HP: 41/41 MP: 3/3
  1394 | D:2      | Noticed Sigmund
  1411 | D:2      | Killed Sigmund
  1412 | D:2      | Reached skill level 5 in Fighting
  1412 | D:2      | Reached skill level 5 in Axes
  1412 | D:2      | Reached XP level 5. HP: 23/48 MP: 4/4
  1609 | D:2      | Reached skill level 6 in Axes
  1716 | D:3      | You fall into a shaft and drop 3 floors!
  1728 | D:5      | Entered Level 5 of the Dungeon
  1728 | D:5      | Found a blossoming altar of Fedhas.
  1733 | D:5      | Noticed a sky beast
  1737 | D:5      | Reached XP level 6. HP: 50/56 MP: 5/5
  1745 | D:5      | Killed a sky beast
  1759 | D:5      | Found a staircase to the Ecumenical Temple.
  1843 | D:4      | Reached skill level 7 in Axes
  1864 | D:4      | Reached *** piety under Trog
  1882 | D:4      | Reached XP level 7. HP: 57/61 MP: 6/6
  1911 | D:4      | Noticed Eustachio
  1926 | D:4      | Killed Eustachio
  1927 | D:4      | Reached skill level 5 in Armour
  2645 | D:3      | Noticed Grinder
  2657 | D:3      | Killed Grinder
  2658 | D:3      | Reached skill level 8 in Axes
  3527 | D:3      | Noticed Ijyb
  3552 | D:3      | Killed Ijyb
  3553 | D:3      | Reached XP level 8. HP: 70/70 MP: 7/7
  3752 | D:4      | Noticed Edmund
  3771 | D:4      | Killed Edmund
  4026 | D:4      | Found Cusel's Serpentskin Sales.
  4081 | D:5      | Reached skill level 9 in Axes
  4576 | D:5      | Found a burning altar of Makhleb.
  4578 | D:5      | Noticed a balrug
  4582 | D:5      | Noticed an orange demon
  4582 | D:5      | Noticed an orange demon
  4621 | D:6      | Reached **** piety under Trog
  4625 | D:6      | Reached skill level 10 in Axes
  4625 | D:6      | Reached XP level 9. HP: 74/79 MP: 8/8
  4874 | D:6      | Reached skill level 1 in Stealth
  4902 | D:6      | Noticed Menkaure
  4908 | D:6      | Killed Menkaure
  4908 | D:6      | Noticed Prince Ribbit
  5512 | D:6      | Killed Prince Ribbit
  5617 | D:6      | Noticed Duvessa
  5617 | D:6      | Noticed Dowan
  5622 | D:6      | Killed Duvessa
  5633 | D:6      | Killed Dowan
  6229 | D:7      | Found a runed translucent door.
  6229 | D:7      | Noticed Amaterasu's ghost (novice HuSu)
  6343 | D:7      | Found a glowing silver altar of Zin.
  6391 | D:7      | Found a stormy altar of Qazlal.
  6395 | D:7      | Found a broken altar of Ashenzari.
  6399 | D:7      | Found a blossoming altar of Fedhas.
  6594 | D:7      | Reached skill level 11 in Axes
  6805 | D:7      | Found a shimmering altar of Xom.
  7042 | D:7      | Killed Amaterasu's ghost
  7043 | D:7      | Reached XP level 10. HP: 90/90 MP: 9/9
  7129 | D:8      | Reached skill level 10 in Armour
  7131 | D:8      | Reached ***** piety under Trog
  7257 | D:8      | Found a broken altar of Ashenzari.
  7284 | D:8      | Noticed Pikel
  7295 | D:8      | Killed Pikel
  7296 | D:8      | Reached skill level 12 in Axes
  7637 | D:8      | Paralysed by a hornet for 3 turns
  7647 | D:8      | Noticed Grum
  7650 | D:8      | Noticed Maggie
  7664 | D:8      | Killed Maggie
  7665 | D:8      | Killed Grum
  7667 | D:8      | HP: 1/91 [wolf[Grum] (7)]
  8286 | D:8      | Found a hazy altar of Hepliaklqana.
  8785 | D:9      | Noticed Erolcha
  8786 | D:9      | Noticed Harold
  8796 | D:9      | Killed Erolcha
  8797 | D:9      | Reached skill level 13 in Axes
  8799 | D:9      | HP: 4/138 [Harold/+0 glaive (14)]
  8801 | D:9      | Killed Harold
  8802 | D:9      | Reached XP level 11. HP: 5/99 MP: 10/10
  9152 | D:9      | Reached skill level 5 in Dodging
  9735 | D:10     | Entered Level 10 of the Dungeon
  9738 | D:10     | Found a staircase to the Lair.
  9746 | D:10     | Reached skill level 10 in Fighting
  9849 | D:10     | Found a transporter.
  9857 | D:10     | Noticed funkygono's ghost (novice DrFE)
  9924 | D:10     | Identified the cursed +0 plate armour of the Eleven Knives
                  | {*Slow Dex+4 Slay+6}
  9929 | D:10     | Found a staircase to the Orcish Mines.
  9969 | D:10     | Noticed a two-headed ogre
  9975 | D:10     | Killed a two-headed ogre
  9976 | D:10     | Reached skill level 14 in Axes
  9976 | D:10     | Reached skill level 1 in Shields
 10370 | D:10     | Found a transporter.
 10502 | D:10     | Received a gift from Trog
 10522 | D:10     | Killed funkygono's ghost
 10587 | Lair:1   | Entered Level 1 of the Lair of Beasts
 10982 | Lair:1   | Found a transporter.
 11036 | Lair:1   | Found a transporter.
 11039 | Lair:1   | Noticed a fire crab
 11039 | Lair:1   | Noticed a fire crab
 11512 | Lair:2   | Reached skill level 15 in Axes
 11612 | Lair:2   | Reached XP level 12. HP: 108/108 MP: 11/11
 11615 | Lair:2   | Found a radiant altar of Vehumet.
 11924 | Lair:2   | Found a staircase to the Swamp.
 12307 | Lair:3   | Found a staircase to the Snake Pit.
 12935 | Snake:1  | Entered Level 1 of the Snake Pit
 12947 | Snake:1  | Reached skill level 16 in Axes
 13026 | Lair:4   | Reached skill level 5 in Shields
 13034 | Lair:4   | Got a pitted leather armour
 13104 | Lair:4   | Identified the +0 leather armour of Leggudyp {Will++} (You
                  | found it on level 4 of the Lair of Beasts)
 13179 | Lair:4   | Noticed a catoblepas
 13193 | Lair:4   | Killed a catoblepas
 13439 | Lair:4   | Noticed a six-headed hydra
 13460 | Lair:4   | Killed a three-headed hydra
 14438 | Lair:5   | Reached XP level 13. HP: 108/118 MP: 12/12
 14444 | Lair:5   | Received a gift from Trog
 14451 | Lair:5   | Got a brightly glowing battleaxe {god gift}
 14458 | Lair:5   | Lost intelligence.
 14458 | Lair:5   | Identified the +6 battleaxe of Mourning {vorpal, *Rage
                  | rElec rN+++ Int-5} (Trog gifted it to you on level 5 of the
                  | Lair of Beasts)
 14500 | Lair:5   | Reached skill level 17 in Axes
 14799 | Lair:5   | Noticed Sonja
 14807 | Lair:5   | Killed Sonja
 15112 | Lair:6   | Entered Level 6 of the Lair of Beasts
 15357 | Lair:6   | Reached skill level 18 in Axes
 15925 | Lair:6   | Reached XP level 14. HP: 124/129 MP: 13/13
 16001 | Lair:6   | Found a runed translucent gate.
 16001 | Lair:6   | Found a runed translucent gate.
 16001 | Lair:6   | Found a runed translucent gate.
 16012 | Lair:6   | Noticed MolotovDodgeball's ghost (journeyman TrBr)
 16012 | Lair:6   | Noticed Raspi's ghost (journeyman KoNe)
 16087 | Lair:6   | Found a staircase to the Slime Pits.
 16094 | Lair:6   | Received a gift from Trog
 16474 | Lair:6   | Reached skill level 19 in Axes
 16545 | Lair:6   | Found a burning altar of Makhleb.
 17079 | Lair:6   | Found a gateway to Hell.
 17245 | Lair:6   | Killed MolotovDodgeball's ghost
 17246 | Lair:6   | Killed Raspi's ghost
 17636 | Orc:1    | Entered Level 1 of the Orcish Mines
 17786 | Orc:1    | Noticed an orc warlord
 17793 | Orc:2    | Entered Level 2 of the Orcish Mines
 17799 | Orc:2    | Noticed an orc warlord
 17822 | Orc:2    | Killed from afar by an orc priest

Illustrated notes

Levels and vault maps discovered:
D:1:      lemuel_arrival_lava_pool, layout_basic
D:2:      layout_basic, uniq_sigmund
D:3:      layout_basic, uniq_ijyb, uniq_grinder
D:4:      layout_rooms, guppyfry_shop_venom, uniq_eustachio, uniq_edmund
D:5:      layout_basic, makhleb_altar_promises_db,
          minmay_temple_entry_stoned_glass, basic_altar,
          hangedman_abyss_or_decor_stagger
D:6:      layout_gridville, uniq_menkaure, uniq_duvessa, uniq_prince_ribbit1
D:7:      layout_basic, kennysheep_mini, minmay_overflow_temple_star_quad,
          overflow_temple_1_default, ebering_ghost_reflecting_pool
D:8:      layout_gridville, basic_altar, nicolae_ashenzari_panopticon,
          uniq_maggie, uniq_pikel, uniq_grum
D:9:      layout_gridville, grunt_ministairs_6, uniq_harold, uniq_erolcha
D:10:     layout_big_octagon, lair_entry_dummy, serial_park, serial_park_tiny_1,
          serial_park_square3 [serial_park_minivault_5x5_8],
          gammafunk_ghost_hive
Lair:1:   gammafunk_cloud_chamber, layout_cave_pods,
          cheibrodos_lair_reptile_den, serial_bayou_shore_a
Lair:2:   layout_cave_shapes, minmay_swamp_entry_worms, basic_altar,
          beast_lair_carwin_11, lemuel_fruit_fields, grunt_megastairs_5
Lair:3:   layout_regular_city, guppyfry_snake_entry_island,
          infiniplex_staircase_pool
Lair:4:   layout_cave_pods
Lair:5:   layout_roguey, uniq_sonja
Lair:6:   evil_forest, layout_cave_pods, slime_dummy, gammafunk_ghost_cemetery,
          grunt_megastairs_1
Snake:1:  cheibrodos_snake_lava_hold, layout_grid_shapes, minmay_shop_grove,
          uniq_roxanne
Orc:1:    layout_caves, basic_altar, minmay_orc_keep
Orc:2:    kennysheep_orc_mage_school, layout_caves

Skill      XL: |  1  2  3  4  5  6  7  8  9 10 11 12 13 14 |
---------------+-------------------------------------------+-----
Fighting       | 4 5 6 7 8 9 10 12 13 | 13.7
Axes           | 4 5 6 7 8 10 11 13 15 16 18 19 | 19.3
Armour         | 3 4 5 8 9 10 11 12 | 12.7
Dodging        | 3 4 5 6 7 8 |  8.6
Stealth        | 1 |  1.5
Shields        | 4 6 8 9 |  9.4

Action                   |  1- 3 |  4- 6 |  7- 9 | 10-12 | 13-15 || total
-------------------------+-------+-------+-------+-------+-------++-------
Melee: Hand axe          |    66 |    69 |   257 |       |       ||   392
       Headbutt          |     7 |    16 |    67 |    98 |    86 ||   274
       War axe           |       |       |    60 |    64 |       ||   124
       Broad axe         |       |       |       |   371 |   373 ||   744
Invok: Berserk           |       |     2 |    12 |    13 |    11 ||    38
       Trog's Hand       |       |       |     1 |     3 |     5 ||     9
       Brothers in Arms  |       |       |       |     1 |     1 ||     2
 Abil: Evoke Flight      |       |       |       |       |     1 ||     1
  Use: Scroll            |       |       |       |    16 |     1 ||    17
 Stab: Petrified         |       |       |       |     4 |       ||     4
       Sleeping          |       |       |       |     1 |       ||     1
Armor: Chain mail        |    26 |    53 |   191 |   221 |       ||   491
       Leather armour    |       |       |       |    11 |    84 ||    95
       Troll leather arm |       |       |       |       |     9 ||     9
Dodge: Dodged            |    38 |    21 |   175 |   223 |   153 ||   610
Block: Kite shield       |       |       |       |   145 |   216 ||   361
       Buckler           |       |       |       |     6 |       ||     6
